 Dungeon Crawl Stone Soup version 0.14-a0-1974-gdb6e453 (webtiles) character file.

662 Kae the Sneak (level 6, -6/28 HPs)
             Began as a Spriggan Enchanter on Jan 17, 2014.
             Was a Follower of Dithmengos.
             Killed by divine providence
             ... invoked by an orc priest
              (9 damage)
             ... on Level 4 of the Dungeon.
             The game lasted 00:05:53 (4175 turns).

Kae the Sneak (Spriggan Enchanter)                  Turns: 4175, Time: 00:05:53

HP  -6/28        AC  5     Str  6      XL: 6   Next: 66%
MP  20/20        EV 18     Int 16      God: Dithmengos [*.....]
Gold 233         SH  0     Dex 17      Spells:  2 memorised, 10 levels left

rFire  + . .     SeeInvis +     a - +2 dagger
rCold  . . .     Clarity  .     b - +1 robe
rNeg   . . .     Conserve .     (shield restricted)
rPois  .         rCorr    .     (helmet restricted)
rElec  .         rRot     .     t - +1 cloak
SustAb . .       Spirit   .     (gloves unavailable)
rMut   .         Warding  .     (boots unavailable)
Saprov . . .     Stasis   .     (no amulet)
MR     +....                    i - ring of protection from fire
                                (no ring)

@: confused, flying, hasted, wreathed by umbra, very quick, somewhat resistant
to hostile enchantments, quite stealthy
A: unfitting armour, see invisible, herbivore 3, speed 3, slow metabolism 2
a: Renounce Religion


You were on level 4 of the Dungeon.
You worshipped Dithmengos.
Dithmengos was aware of your devotion.
You were not hungry.

You visited 1 branch of the dungeon, and saw 4 of its levels.

You collected 233 gold pieces.

Inventory:

Hand weapons
 a - a +2,+2 dagger (weapon)
Missiles
 d - 12 darts (quivered)
 o - 4 tomahawks
Armour
 b - a +1 robe (worn)
 e - a +1 orcish hat
 t - a +1 cloak (worn)
Magical devices
 y - a wand of disintegration (24) {unknown}
Comestibles
 r - an apple
 v - 3 bread rations
 E - 2 pears
Scrolls
 h - a scroll of enchant armour
 k - 3 scrolls of teleportation
 l - 2 scrolls of immolation
 n - 5 scrolls of identify
 q - 4 scrolls of remove curse
Jewellery
 g - an uncursed ring of teleportation
 i - a ring of protection from fire (right hand)
Potions
 f - a potion of curing {unknown}
 p - 2 potions of degeneration
 s - a potion of mutation {unknown}
 x - a potion of poison {unknown}
 A - 2 potions of might
Books
 c - a book of Maledictions

   Spells                             Type                      Level
   *Corona                            Hexes                        1
   Sure Blade                         Hexes/Charms                 2
   *Ensorcelled Hibernation           Hexes/Ice                    2
   Confuse                            Hexes                        3
   Enslavement                        Hexes                        4
   Invisibility                       Hexes                        6


   Skills:
 * Level 4.7 Short Blades
 - Level 1.1 Throwing
 - Level 3.0 Dodging
 * Level 6.7 Stealth
 + Level 4.2 Spellcasting
 + Level 4.7 Hexes


You had 10 spell levels left.
You knew the following spells:

 Your Spells              Type           Power        Failure   Level  Hunger
a - Corona                Hex            ###....      2%          1    None
b - Ensorcelled Hibernat  Hex/Ice        ##....       12%         2    ##.....


Dungeon Overview and Level Annotations

Branches:
Dungeon (4/16)
 Temple: D:4-7

Altars:
Dithmengos

Shops:
D:4 =


Innate Abilities, Weirdness & Mutations

You are tiny and cannot use many weapons and most armour.
You have supernaturally acute eyesight.
You are a herbivore.
You cover ground extremely quickly.
You need consume almost no food.


Message History

There are monsters nearby!
An orc comes into view. It is wielding an orcish trident.
The orc priest invokes the aid of Beogh against you.
Something smites you!
* * * LOW HITPOINT WARNING * * *
Drink which item? (? for menu, Esc to quit)
Okay, then.
Read which item? (? for menu, Esc to quit)
Okay, then.
Drink which item? (? for menu, Esc to quit)
You feel very buoyant.
You fly up into the air.
It was a potion of flight.
Drink which item? (? for menu, Esc to quit)
You are confused.
It was a potion of confusion.
Drink which item? (? for menu, Esc to quit)
You feel yourself speed up.
It was a potion of speed.
The orc priest calls down the wrath of Beogh upon you.
Something smites you!
You die...

.################
................#
.##############.#####
....................####
.##############.........#
.# #..o......# .#
#.o.......# ##
#.ol......# #.@.......#
## ##########.........#
.#####........#.........#
......<.................#
..........%.............#
.#####........#..##.#.###
..............#..##.#.#
######.....##.#..##.#.#
#.....##.#..##.#.#


You could see an iguana, an orc priest and 2 orcs.

Vanquished Creatures
  2 ogres
  An orc priest (D:3)
  An orc wizard (D:3)
  An iguana (D:4)
  A worker ant (D:4)
  5 adders
  3 worms
  5 giant geckos
  8 orcs
  A ball python (D:1)
  6 bats
  7 goblins
  9 hobgoblins
  15 jackals
  3 quokkas (D:2)
  A giant newt (D:1)
  5 kobolds
  6 rats
80 creatures vanquished.

Notes
Turn   | Place    | Note
--------------------------------------------------------------
     0 | D:1      | Kae, the Spriggan Enchanter, began the quest for the Orb.
     0 | D:1      | Reached XP level 1. HP: 9/9 MP: 4/4
   183 | D:1      | Reached XP level 2. HP: 13/13 MP: 7/7
   187 | D:1      | Learned a level 2 spell: Ensorcelled Hibernation
   927 | D:2      | Reached skill level 4 in Stealth
   927 | D:2      | Reached XP level 3. HP: 16/16 MP: 9/9
  1986 | D:3      | Reached XP level 4. HP: 10/21 MP: 10/13
  2164 | D:3      | Found a shadowy altar of Dithmengos.
  2178 | D:3      | Became a worshipper of Dithmengos
  2371 | D:3      | Noticed an ogre
  2378 | D:3      | Killed an ogre
  2378 | D:3      | Reached skill level 5 in Stealth
  2378 | D:3      | Reached XP level 5. HP: 20/24 MP: 10/16
  3467 | D:4      | Reached skill level 6 in Stealth
  3467 | D:4      | Reached XP level 6. HP: 24/28 MP: 13/19
  3544 | D:4      | Found Zyno's Jewellery Emporium.
  3604 | D:4      | Noticed an ogre
  3877 | D:4      | Killed an ogre
  4175 | D:4      | Killed from afar by an orc priest

Action                   |  1- 3 |  4- 6 || total
-------------------------+-------+-------++-------
Melee: Dagger            |   132 |   133 ||   265
 Cast: Ensorcelled Hiber |     9 |    31 ||    40
  Use: Scroll            |       |    11 ||    11
       Potion            |       |     4 ||     4
 Stab: Sleeping          |     8 |    34 ||    42
       Distracted        |     1 |       ||     1
